 Dungeon Crawl Stone Soup version 0.19.0-20-gbc5f0c6 (webtiles) character file.

541 toast the Slasher (level 7, -3/61 HPs)
             Began as a Minotaur Fighter on Nov 17, 2016.
             Slain by a gnoll sergeant
             ... wielding a +0 spear
              (5 damage)
             ... on level 2 of the Dungeon.
             The game lasted 00:09:46 (3473 turns).

toast the Slasher (Minotaur Fighter)                Turns: 3473, Time: 00:09:46

Health: -3/61      AC:  9    Str: 22    XL:     7   Next: 5%
Magic:  6/6        EV:  7    Int:  5    God:
Gold:   186        SH:  9    Dex: 10    Spells: 0 memorised, 6 levels left

rFire  . . .     SeeInvis .     q - -2 falchion (curse)
rCold  . . .     Gourm    .     b - +0 scale mail
rNeg   . . .     Faith    .     c - +0 shield
rPois  .         Spirit   .     (helmet restricted)
rElec  .         Reflect  .     s - +0 cloak
rCorr  .         Harm     .     n - +0 pair of gloves
MR     .....                    (no boots)
Stlth  ..........               (no amulet)
                                (no ring)
                                (no ring)

@: heavily drained
A: retaliatory headbutt, horns 2
a: no special abilities


You were on level 2 of the Dungeon.
You were very hungry.

You visited 1 branch of the dungeon, and saw 3 of its levels.

You collected 186 gold pieces.

Inventory:

Hand Weapons
 a - a +0 long sword
 p - a +1 dagger of speed
 q - a cursed -2 falchion (weapon)
 t - a +4 mace of holy wrath
 u - a +0 mace
Armour
 b - a +0 scale mail (worn)
 c - a +0 shield (worn)
 n - a +0 pair of gloves (worn)
 s - a +0 cloak (worn)
Scrolls
 e - a scroll of identify
 i - a scroll of fear
 j - a scroll of fog
 k - 2 scrolls of blinking
 o - a scroll of magic mapping
Potions
 d - a potion of might
 m - a potion of flight
 r - 3 potions of curing
Comestibles
 f - 3 bread rations
 g - 2 fruits
 h - a meat ration


   Skills:
 + Level 5.2(3.6) Fighting
 - Level 0.2(1.7) Short Blades
 * Level 5.9(4.3) Long Blades
 + Level 5.7(4.1) Armour
 - Level 0.9(0.0) Dodging
 + Level 5.1(3.5) Shields


You had 6 spell levels left.
You didn't know any spells.

Dungeon Overview and Level Annotations

Branches:
Dungeon (3/15)

Altars:
Ru


Innate Abilities, Weirdness & Mutations

You reflexively headbutt those who attack you in melee.
You have a pair of horns on your head.


Message History

The gnoll sergeant is lightly wounded.
You climb upwards.
There is a stone staircase leading down here.
You slash the gnoll!
The gnoll is almost dead.
The gnoll hits you with a whip.
* * * LOW HITPOINT WARNING * * *
The gnoll sergeant hits you with a spear.
* * * LOW HITPOINT WARNING * * *
You closely miss the gnoll.
The gnoll is almost dead.
You block the gnoll's attack.
The gnoll sergeant hits you with a spear.
* * * LOW HITPOINT WARNING * * *
You hit the gnoll but do no damage.
The gnoll is almost dead.
The gnoll hits you with a whip.
* * * LOW HITPOINT WARNING * * *
The gnoll sergeant hits you with a spear.
You die...

####.# #.....##.##.#
#...(# ##.#####.##.#
###....## #(#####.##.#
#.......# #.......##.#
#.....).#
##########.#####
#.......######## #.#...#
###...####.....# #.....#
##...# #.....# ###...#
#...## #.@g..# ###.##
#.### #..g..# #...# #.#
#.....# #.### #.# ###.###
#.# #.# #)# #.# #.#
#.########.# ## #.#
#####.......##.# .# #.#
#.....)..##.##.# .#
####.#####..###.#.##.##.#


You could see a gnoll sergeant and a gnoll.

Vanquished Creatures
  A crimson imp (D:3)
  Crazy Yiuf (D:2)
  2 orc wizards (D:3)
  Terence (D:2)
  Ijyb (D:2)
  Robin (D:2)
  22 gnolls (D:3)
  3 adders
  A worm (D:3)
  2 dart slugs
  2 leopard geckos
  11 orcs (D:3)
  4 bats (D:3)
  2 giant cockroaches
  13 goblins
  11 hobgoblins
  18 jackals
  A quokka (D:3)
  8 frilled lizards
  4 kobolds
  A leopard gecko zombie (D:3)
  3 rats
  2 fungi (D:2)
  A plant (D:3)
116 creatures vanquished.

Notes
Turn   | Place    | Note
-------+----------+-------------------------------------------
     0 | D:1      | toast the Minotaur Fighter began the quest for the Orb.
     0 | D:1      | Reached XP level 1. HP: 19/19 MP: 0/0
   194 | D:1      | Reached XP level 2. HP: 23/27 MP: 1/1
   596 | D:2      | Noticed Ijyb
   616 | D:2      | Killed Ijyb
   616 | D:2      | Reached XP level 3. HP: 32/33 MP: 2/2
   723 | D:2      | Noticed Terence
   728 | D:2      | Killed Terence
   743 | D:2      | Reached XP level 4. HP: 40/40 MP: 3/3
   823 | D:2      | Noticed Robin
   828 | D:2      | Killed Robin
  1256 | D:2      | Found a runed door.
  1260 | D:2      | Noticed Crazy Yiuf
  1269 | D:2      | Killed Crazy Yiuf
  1269 | D:2      | Reached XP level 5. HP: 35/47 MP: 4/4
  1332 | D:3      | Found a sacrificial altar of Ru.
  1475 | D:3      | Reached skill level 5 in Armour
  1653 | D:3      | Reached skill level 5 in Long Blades
  1655 | D:3      | HP: 2/47 [gnoll/whip of draining (2)]
  1659 | D:3      | Reached XP level 6. HP: 3/55 MP: 5/5
  2323 | D:3      | Reached skill level 5 in Fighting
  3037 | D:3      | Reached skill level 5 in Shields
  3111 | D:3      | Reached XP level 7. HP: 50/61 MP: 6/6
  3472 | D:2      | HP: 3/61 [gnoll sergeant/spear (5)]
  3473 | D:2      | Slain by a gnoll sergeant

Skill      XL: |  1  2  3  4  5  6 |
---------------+-------------------+-----
Armour         | 4 5 |  5.7
Shields        | 4 5 |  5.1
Fighting       | 4 5 |  5.2
Long Blades    | 3 4 5 |  5.9
Short Blades   | |  0.2
Dodging        | |  0.9

Action                   |  1- 3 |  4- 6 |  7- 9 || total
-------------------------+-------+-------+-------++-------
Melee: Long sword        |    43 |    18 |       ||    61
       Headbutt          |     7 |    80 |     6 ||    93
       Dagger            |       |   122 |       ||   122
       Falchion          |       |   299 |    32 ||   331
  Use: Scroll            |     3 |     6 |       ||     9
  Eat: Chunk             |       |     8 |       ||     8
Armor: Scale mail        |    23 |   171 |    16 ||   210
Dodge: Dodged            |    10 |   126 |    10 ||   146
Block: Shield            |    11 |   186 |    24 ||   221
       Rpst.: Long sword |     2 |       |       ||     2
       Falchion          |       |    28 |     2 ||    30
